 Dungeon Crawl Stone Soup version 0.20.1-1-g8b1a95d (webtiles) character file.

37363 Mesmaeker13 the Geomancer (level 13, 0/63 HPs)
             Began as a Gargoyle Earth Elementalist on July 29, 2017.
             Was a High Priest of Vehumet.
             Slain by a tyrant leech (13 damage)
             ... on level 6 of the Lair of Beasts.
             The game lasted 00:41:29 (14644 turns).

Mesmaeker13 the Geomancer (GrEE)                   Turns: 14644, Time: 00:41:30

Health: 0/63       AC: 21    Str: 12    XL:     13   Next: 96%
Magic:  10/27      EV: 13    Int: 21    God:    Vehumet [*****.]
Gold:   897        SH:  4    Dex: 10    Spells: 14/32 levels left

rFire    . . .     SeeInvis .   A - +8 demon blade "Bloodbane" {slice, *Rage +Rage Stlth-}
rCold    . . .     Gourm    .   x - +0 buckler
rNeg     + . .     Faith    .   G - +2 leather armour {rPois}
rPois    ∞         Spirit   .   a - +1 hat
rElec    +         Reflect  .   M - +2 cloak {rPois}
rCorr    .         Harm     .   (no gloves)
MR       .....     Rnd*Rage +   E - +0 pair of boots
Stlth    ++........             g - amulet of magic regeneration
Regen    0.2/turn               l - ring of stealth
MPRegen  0.3/turn               c - +2 ring of slaying

@: slowed, very slow
A: negative energy resistance 1, electricity resistance, unbreathing,
petrification resistance, rot immunity, AC +9
a: Renounce Religion, Evoke Berserk Rage


You were on level 6 of the Lair of Beasts.
You worshipped Vehumet.
Vehumet was extremely pleased with you.
You were hungry.

You visited 3 branches of the dungeon, and saw 17 of its levels.

You collected 897 gold pieces.

Inventory:

Hand Weapons
 f - a +1 dagger of speed
 A - the +8 demon blade "Bloodbane" (weapon) {slice, *Rage +Rage Stlth-}
   (You found it on level 4 of the Dungeon)

   It inflicts extra damage upon your enemies.
   It lets you go berserk.
   It may make you go berserk in combat.
   It makes you less stealthy.
 I - a +2 dagger of pain
Missiles
 b - 103 stones (quivered)
 m - 8 throwing nets
Armour
 a - a +1 hat (worn)
 q - a +0 robe of cold resistance
 x - a +0 buckler (worn)
 E - a +0 pair of boots (worn)
 G - a +2 leather armour of poison resistance (worn)
 M - a +2 cloak of poison resistance (worn)
Magical Staves
 y - an uncursed staff of conjuration
Jewellery
 c - a +2 ring of slaying (right hand)
 g - an amulet of magic regeneration (around neck)
 l - a ring of stealth (left hand)
 r - an uncursed amulet of the gourmand
Scrolls
 n - 5 scrolls of blinking
 v - a scroll of amnesia
 w - 7 scrolls of remove curse
 C - a scroll of teleportation
 O - 2 scrolls of magic mapping
 P - 2 scrolls of recharging
 Q - a scroll of random uselessness {unknown}
Potions
 j - 2 potions of haste
 k - a potion of heal wounds {unknown}
 p - 2 potions of flight {unknown}
 u - 3 potions of ambrosia {unknown}
 z - a potion of brilliance {unknown}
 D - a potion of curing
 H - a potion of resistance {unknown}
 K - a potion of agility {unknown}
Books
 i - a book of Callings

   Spells                             Type                      Level
   a - Summon Small Mammal            Summoning                    1
   b - Call Imp                       Summoning                    2
   c - Call Canine Familiar           Summoning                    3
   d - Summon Guardian Golem          Hexes/Summoning              3
   e - Summon Lightning Spire         Summoning/Air                4
   f - Summon Ice Beast               Ice/Summoning                4
 o - a book of Enchantments

   Spells                             Type                      Level
   a - Cause Fear                     Hexes                        4
   b - Yara's Violent Unravelling     Hexes/Transmutation          5
   c - Silence                        Hexes/Air                    5
   d - Deflect Missiles               Charms/Air                   6
   e - Discord                        Hexes                        8
Miscellaneous
 R - a phial of floods
Comestibles
 d - 11 bread rations
 h - 5 chunks of flesh
 s - 38 fruits
 t - 3 meat rations
 L - a royal jelly


   Skills:
 + Level 4.6 Long Blades
 - Level 10.2 Armour
 - Level 4.0 Dodging
 - Level 2.1 Stealth
 - Level 4.0 Shields
 - Level 10.0 Spellcasting
 - Level 10.0 Conjurations
 + Level 3.8 Translocations
 + Level 6.4 Transmutations
 + Level 14.2 Earth Magic


You had 14 spell levels left.
You knew the following spells:

 Your Spells              Type           Power        Failure   Level  Hunger
a - Sandblast             Erth           ######       0%          1    None
b - Stone Arrow           Conj/Erth      ######       1%          3    None
c - Passwall              Tmut/Erth      ######....   1%          2    None
d - Lee's Rapid Deconstr  Erth           ######....   1%          5    ####...
e - Mephitic Cloud        Conj/Pois/Air  ###.....     1%          3    None
f - Force Lance           Conj/Tloc      #####...     1%          4    ##.....


Dungeon Overview and Level Annotations

Branches:
Dungeon (10/15)            Temple (1/1) D:4            Lair (6/6) D:10
 Shoals (0/4) Lair:4        Snake (0/4) Lair:2        Slime (0/5) Lair:6
    Orc: D:9-12

Altars:
Ashenzari
Cheibriados
Dithmenos
Elyvilon
Fedhas
Gozag
Hepliaklqana
Kikubaaqudgha
Makhleb
Nemelex Xobeh
Okawaru
Qazlal
Ru
Sif Muna
Trog
Uskayaw
Vehumet
Xom
Yredelemnul
Zin
The Shining One

Annotations:
D:9 1 transporter
Lair:6 1 runed door


Innate Abilities, Weirdness & Mutations

You are resistant to torment.
Your stone body is resilient. (AC +9)
You are immune to poison.
You resist negative energy. (rN+)
You are resistant to electric shocks. (rElec)
You can survive without breathing.
You are immune to petrification.
You are immune to rotting.


Message History

Press: ? - help, Shift-Dir - straight line, f/p - torpor snail
Aim: a torpor snail (heavily wounded)
The lance of force hits the torpor snail.
The torpor snail is severely wounded.
The torpor snail is knocked back by the lance of force.
The torpor snail slams into the rock wall!
You are feeling hungry.
Casting: Force Lance
Confirm with . or Enter, or press ? or * to list all spells.
Aiming: Lee's Rapid Deconstruction
Press: ? - help, Dir - move target cursor, p - torpor snail The wall shatters!
The blast of rock fragments hits the torpor snail.
The torpor snail is almost dead.
You hear an angry buzzing noise.
The tyrant leech bites you!!
* * * LOW HITPOINT WARNING * * *
Unknown command.
You feel better. The tyrant leech bites you!
You die...

.### ##...P.## .#
##.##..## ## ##
###....# #.# ##..###
..### # ##..##
#.P..#. # ##....#
##†...... # +#⌠..###
##.†.†P.# # ##P..##
######.....##.# #
#...### #@##.....###
# ##....##
##w....#..#
##....###.....##....P
###........### #.....
###.P.#### ####.
#####


You could see a tyrant leech.

Vanquished Creatures
  Gastronok (Lair:2)
  Snorg (Lair:5)
  Josephine (Lair:4)
  3 hydras
  Harold (Lair:2)
  2 death yaks (Lair:6)
  A two-headed ogre (D:10)
  A manticore (Lair:3)
  2 slime creatures (Lair:6)
  Maurice (D:8)
  9 elephants (Lair:5)
  2 black mambas
  Psyche (D:8)
  A merfolk siren (Lair:4)
  3 torpor snails
  A molten gargoyle (Lair:6)
  19 spiny frogs
  A rime drake (Lair:3)
  A polar bear (Lair:4)
  A troll (D:10)
  3 hornets (Lair:6)
  A tyrant leech (Lair:6)
  6 dream sheep (Lair:4)
  8 blink frogs
  2 hippogriffs (Lair:2)
  Sigmund (D:2)
  3 wraiths (Lair:4)
  Eustachio (D:5)
  23 yaks
  2 basilisks
  Menkaure (D:7)
  5 nagas (Lair:2)
  Duvessa (D:7)
  8 water moccasins
  2 ice beasts
  6 porcupines
  An orc warrior (D:8)
  2 sky beasts
  4 phantoms
  6 ogres
  7 wolves
  6 centaurs
  13 crocodiles
  A big kobold (D:8)
  15 bullfrogs
  A gnoll sergeant (D:9)
  Dowan (D:7)
  A wyvern skeleton (D:8)
  A water moccasin skeleton (D:6)
  11 killer bees
  3 wights (D:10)
  An electric eel (Lair:2)
  A crimson imp (D:5)
  3 jellies
  2 bullfrog zombies (D:5)
  3 lava snakes (Lair:3)
  2 orc priests
  A quasit (D:9)
  2 gnoll shamans
  Crazy Yiuf (D:2)
  3 bullfrog skeletons
  4 hounds
  3 orc wizards
  5 iguanas
  3 worker ants
  A howler monkey skeleton (D:5)
  16 gnolls
  16 adders
  2 shadow imps
  3 oozes
  3 adder zombies
  An adder skeleton (D:5)
  5 worms
  A dart slug (D:5)
  6 leopard geckos
  18 orcs
  3 giant cockroaches
  12 goblins
  8 hobgoblins
  12 jackals
  A quokka (D:8)
  2 ball pythons
  9 bats
  7 frilled lizards
  A jackal skeleton (D:5)
  10 kobolds
  2 quokka skeletons
  A quokka zombie (D:9)
  A rat (D:2)
  A plant (D:10)
375 creatures vanquished.

Vanquished Creatures (others)
  A porcupine (Lair:2)
  A bat (D:3)
  2 fungi
  2 plants (Lair:6)
6 creatures vanquished.

Grand Total: 381 creatures vanquished

Notes
Turn   | Place    | Note
-------+----------+-------------------------------------------
     0 | D:1      | Mesmaeker13 the Gargoyle Earth Elementalist began the quest for the Orb.
     0 | D:1      | Reached XP level 1. HP: 10/10 MP: 3/3
   549 | D:1      | Reached XP level 2. HP: 9/15 MP: 3/5
   664 | D:1      | Reached skill level 4 in Earth Magic
  1117 | D:2      | Reached XP level 3. HP: 19/19 MP: 6/6
  1127 | D:2      | Learned a level 3 spell: Stone Arrow
  1165 | D:2      | Noticed Sigmund
  1472 | D:3      | Reached XP level 4. HP: 23/24 MP: 8/8
  1578 | D:3      | Reached skill level 1 in Conjurations
  1819 | D:3      | Learned a level 2 spell: Passwall
  1982 | D:2      | Reached XP level 5. HP: 28/28 MP: 5/9
  2116 | D:2      | Found a runed door.
  2120 | D:2      | Noticed Crazy Yiuf
  2123 | D:2      | Killed Crazy Yiuf
  2586 | D:2      | Killed Sigmund
  2586 | D:2      | Reached skill level 5 in Earth Magic
  2586 | D:2      | Reached XP level 6. HP: 32/32 MP: 7/11
  2724 | D:2      | Learned a level 5 spell: Lee's Rapid Deconstruction
  2870 | D:4      | Reached XP level 7. HP: 34/36 MP: 6/12
  3137 | D:4      | Found a staircase to the Ecumenical Temple.
  3160 | Temple   | Entered the Ecumenical Temple
  3269 | Temple   | Became a worshipper of Vehumet
  3779 | D:5      | Entered Level 5 of the Dungeon
  3800 | D:5      | Reached skill level 6 in Earth Magic
  4042 | D:5      | Noticed Eustachio
  4064 | D:5      | Killed Eustachio
  4064 | D:5      | Reached XP level 8. HP: 40/41 MP: 6/14
  4458 | D:5      | Reached skill level 1 in Shields
  4524 | D:6      | Reached skill level 7 in Earth Magic
  4779 | D:6      | Found a radiant altar of Vehumet.
  4809 | D:6      | Reached skill level 5 in Spellcasting
  4809 | D:6      | Reached skill level 5 in Conjurations
  4898 | D:6      | Reached * piety under Vehumet
  4898 | D:6      | Offered knowledge of Magic Dart by Vehumet.
  5198 | D:6      | Reached XP level 9. HP: 45/45 MP: 8/17
  5683 | D:7      | Reached skill level 8 in Earth Magic
  5696 | D:7      | Noticed Menkaure
  5719 | D:7      | Killed Menkaure
  5843 | D:7      | Reached skill level 1 in Armour
  6331 | D:7      | Noticed Dowan
  6332 | D:7      | Noticed Duvessa
  6364 | D:7      | Killed Duvessa
  6366 | D:7      | Killed Dowan
  6520 | D:8      | Offered knowledge of Throw Flame by Vehumet.
  6522 | D:8      | You fall through a shaft!
  6565 | D:8      | Reached skill level 9 in Earth Magic
  6620 | D:8      | Reached ** piety under Vehumet
  6893 | D:8      | Reached XP level 10. HP: 31/50 MP: 19/19
  6992 | D:8      | Noticed Maurice
  6998 | D:8      | Killed Maurice
  7121 | D:9      | Noticed Psyche
  7132 | D:8      | Killed Psyche
  7419 | D:9      | Reached skill level 10 in Earth Magic
  7490 | D:9      | Offered knowledge of Dazzling Spray by Vehumet.
  7495 | D:9      | Reached skill level 5 in Armour
  7738 | D:9      | Reached *** piety under Vehumet
  7771 | D:9      | Found a transporter.
  7783 | D:9      | Noticed a centaur warrior
  7890 | D:10     | Entered Level 10 of the Dungeon
  7950 | D:10     | Noticed a two-headed ogre
  7962 | D:10     | Killed a two-headed ogre
  8308 | D:10     | Found a staircase to the Lair.
  8333 | Lair:1   | Entered Level 1 of the Lair of Beasts
  8351 | Lair:1   | Learned a level 3 spell: Mephitic Cloud
  8408 | Lair:1   | Reached XP level 11. HP: 54/54 MP: 19/22
  8481 | Lair:1   | Offered knowledge of Airstrike by Vehumet.
  8485 | Lair:1   | Reached skill level 11 in Earth Magic
  9230 | Lair:1   | Reached **** piety under Vehumet
  9486 | Lair:2   | Offered knowledge of Ignite Poison by Vehumet.
  9531 | Lair:2   | Reached skill level 1 in Transmutations
  9647 | Lair:2   | Reached skill level 10 in Conjurations
  9669 | Lair:2   | Reached XP level 12. HP: 59/59 MP: 20/24
  9703 | Lair:2   | Noticed Harold
  9728 | Lair:2   | Killed Harold
  9728 | Lair:2   | Reached skill level 12 in Earth Magic
 10131 | Lair:2   | Found a staircase to the Snake Pit.
 10430 | Lair:3   | Noticed Gastronok
 10625 | Lair:2   | Killed Gastronok
 11729 | Lair:4   | Noticed Josephine
 11733 | Lair:4   | Killed Josephine
 11799 | Lair:4   | Reached skill level 13 in Earth Magic
 11840 | Lair:4   | Noticed a five-headed hydra
 11846 | Lair:3   | Reached skill level 10 in Spellcasting
 12022 | Lair:4   | Reached XP level 13. HP: 63/63 MP: 20/27
 12044 | Lair:4   | Reached skill level 10 in Armour
 12046 | Lair:4   | Found a staircase to the Shoals.
 12058 | Lair:4   | Reached skill level 1 in Long Blades
 12182 | Lair:4   | Found a runed door.
 12575 | Lair:4   | Reached ***** piety under Vehumet
 12575 | Lair:4   | Offered knowledge of Force Lance by Vehumet.
 12591 | Lair:4   | Learned a level 4 spell: Force Lance
 12778 | Lair:4   | Reached skill level 1 in Translocations
 12778 | Lair:4   | Reached skill level 5 in Transmutations
 12919 | Lair:5   | Noticed Snorg
 12960 | Lair:5   | Killed Snorg
 14013 | Lair:6   | Entered Level 6 of the Lair of Beasts
 14108 | Lair:6   | Found a staircase to the Slime Pits.
 14126 | Lair:6   | Reached skill level 14 in Earth Magic
 14593 | Lair:6   | Found a runed door.
 14644 | Lair:6   | Slain by a tyrant leech

Skill      XL: |  1  2  3  4  5  6  7  8  9 10 11 12 13 |
---------------+----------------------------------------+-----
Earth Magic    | 4 5 6 7 9 10 11 13 14 | 14.2
Dodging        | 2 3 4 |  4.0
Conjurations   | 1 2 3 4 5 7 8 10 | 10.0
Spellcasting   | 3 4 5 6 7 8 10 | 10.0
Shields        | 3 4 |  4.0
Armour         | 3 6 8 9 10 | 10.2
Transmutations | 1 4 6 |  6.4
Long Blades    | 4 |  4.6
Translocations | 3 |  3.8
Stealth        | |  2.1

Action                   |  1- 3 |  4- 6 |  7- 9 | 10-12 | 13-15 || total
-------------------------+-------+-------+-------+-------+-------++-------
Melee: Dagger            |    85 |    32 |       |       |       ||   117
       Unarmed           |     7 |       |       |       |       ||     7
       Short sword       |     4 |       |       |       |       ||     4
       Quarterstaff      |       |    60 |    82 |       |       ||   142
       Demon blade       |       |       |   104 |   143 |   100 ||   347
Throw: Throwing net      |       |     2 |       |       |       ||     2
       Stone             |       |     1 |       |       |       ||     1
 Cast: Sandblast         |    16 |    36 |    76 |   187 |    68 ||   383
       Stone Arrow       |       |     2 |     8 |    50 |    53 ||   113
       Lee's Rapid Decon |       |       |     1 |     7 |    15 ||    23
       Mephitic Cloud    |       |       |       |     4 |     5 ||     9
       Force Lance       |       |       |       |       |    12 ||    12
  Use: Scroll            |     3 |     2 |     2 |    10 |     2 ||    19
       Potion            |       |       |       |     1 |     1 ||     2
 Stab: Sleeping          |    10 |     6 |     6 |       |       ||    22
       Distracted        |       |     1 |       |       |       ||     1
       Paralysed         |       |     1 |       |       |       ||     1
       Confused          |       |       |       |     1 |       ||     1
  Eat: Chunk             |     2 |     5 |    13 |    13 |    11 ||    44
       Fruit             |       |       |     1 |       |       ||     1
       Meat ration       |       |       |       |     1 |       ||     1
Armor: Robe              |    28 |    47 |    28 |       |       ||   103
       Leather armour    |       |       |    69 |   101 |    72 ||   242
Dodge: Dodged            |    73 |    86 |   117 |   144 |    76 ||   496
Block: Buckler           |       |       |    21 |    46 |    25 ||    92
       Rpst.: Demon blade |       |       |    16 |    53 |    25 ||    94
